 Dungeon Crawl Stone Soup version 0.29-a0-885-gb26ba3297d (webtiles) character file.

Game seed: 3989512557868476618

46 xian the Charlatan (level 3, -2/26 HPs)
             Began as a Formicid Artificer on July 21, 2022.
             Slain by an orc
             ... wielding a +0 whip
              (3 damage)
             ... on level 3 of the Dungeon.
             The game lasted 00:06:23 (3087 turns).

xian the Charlatan (Formicid Artificer)             Turns: 3087, Time: 00:06:24

Health: -2/26      AC: 10    Str: 18    XL:     3   Next: 92%
Magic:  3/3        EV:  7    Int: 10    God:
Gold:   82         SH:  0    Dex: 14    Spells: 2/2 levels left

rFire   . . .      SeeInvis +   a - +0 club
rCold   . . .      Faith    .   (no shield)
rNeg    . . .      Spirit   .   h - +0 chain mail
rPois   .          Reflect  .   (helmet unavailable)
rElec   .          Harm     .   (no cloak)
rCorr   .          Rampage  .   m - +0 pair of gloves
Will    +....                   (no boots)
Stlth   ..........              (no amulet)
HPRegen 0.08/turn               l - ring of willpower
MPRegen 0.08/turn               (no ring)

@: mighty
A: permanent stasis, dig shafts and tunnels, antennae 3, four strong arms
a: Dig, Shaft Self


You were on level 3 of the Dungeon.
You visited 1 branch of the dungeon, and saw 3 of its levels.

You collected 82 gold pieces.

Inventory:

Hand Weapons
 a - a +0 club (weapon)
Armour
 h - a +0 chain mail (worn)
 j - an orb of guile
 m - a +0 pair of gloves (worn)
Magical Staves
 i - a staff of fire
Jewellery
 l - a ring of willpower (left hand)
Wands
 c - a wand of flame (13)
 d - a wand of charming (15)
 e - a wand of iceblast (9)
Scrolls
 b - a scroll of enchant armour {unknown}
 f - 2 scrolls of poison
 n - a scroll of enchant weapon {unknown}
 o - 2 scrolls of teleportation
Potions
 g - 3 potions of flight


   Skills:
 + Level 1.6 Fighting
 + Level 1.1 Maces & Flails
 + Level 2.9 Armour
 + Level 1.1 Dodging
 + Level 1.5 Stealth
 + Level 3.8 Evocations


You had 2 spell levels left.
You didn't know any spells.
Your spell library contained the following spells:

 Spells                   Type           Power      Damage    Failure   Level
 Magic Dart               Conj           0%         1d3       99%         1
 Call Imp                 Summ           0%         N/A       100%        2
 Lesser Beckoning         Tloc           0%         N/A       100%        3
 Mephitic Cloud           Conj/Pois/Air  0%         N/A       100%        3
 Manifold Assault         Tloc           0%         N/A       100%        5
 Blink                    Tloc           Unusable   N/A       N/A         2

Dungeon Overview and Level Annotations

Branches:
Dungeon (3/15)

Altars:


Innate Abilities, Weirdness & Mutations

You cannot be hasted, slowed, berserked, paralysed or teleported.
You can dig through walls and to a lower floor.
You have a pair of large antennae on your head. (SInv)
Your four strong arms can wield two-handed weapons with a shield.


Message History

The orc barely misses you. The orc hits you but does no damage.
You see here a frilled lizard corpse.
You barely miss the orc. The orc hits you with a +0 mace.
The orc closely misses you.
You barely miss the orc. The orc hits you with a +0 mace. x2
* * * LOW HITPOINT WARNING * * *
An orc comes into view. It is wielding a +0 whip.
The orc hits you but does no damage. The orc completely misses you.
You hit the orc.
The orc is almost dead.
The orc hits you but does no damage. x2
Unknown command.
Okay, then.
Okay, then.
Okay, then.
As you read the scroll labelled MIPLIP AFIGA, it crumbles to dust.
You feel a strange sense of stasis.
It was a scroll of teleportation.
The orc hits you but does no damage. The orc hits you with a +0 mace.
* * * LOW HITPOINT WARNING * * *
You feel very mighty all of a sudden. The orc hits you but does no damage.
The orc barely misses you.
You closely miss the orc. The orc barely misses you.
The orc hits you but does no damage.
You thump the orc!
You kill the orc!
The orc hits you but does no damage. The orc attacks as you move away!
The orc barely misses you.
You see here a +0 mace.
You barely miss the orc.
The orc is severely wounded.
The orc hits you but does no damage. The orc hits you with a +0 whip.
* * * LOW HITPOINT WARNING * * *
You sock the orc!
You kill the orc!
The orc closely misses you.
You closely miss the orc. The orc hits you but does no damage.
You barely miss the orc. The orc misses you.
You closely miss the orc. The orc hits you but does no damage.
The orc hits you with a +0 whip.
You die...

# ##. ##.## ... # #.# #
#.###o# # #.# #...@)# .##
#...#######..# ...# ##
#....#....######......##
####.#.....÷.......#.#.##
#.#...............?..#
#..<.###..$####.#.#..#
####.###..)####....#.##
#)#...÷...#.........
#.#.......†........#


You could see an orc.

Vanquished Creatures
  5 orcs (D:3)
  2 ball pythons
  5 endoplasms
  A giant cockroach (D:2)
  5 goblins
  A hobgoblin (D:2)
  3 quokkas
  3 bats
  7 frilled lizards
  3 kobolds
  3 rats (D:1)
38 creatures vanquished.

Vanquished Creatures (others)
  A plant (D:1)
1 creature vanquished.

Grand Total: 39 creatures vanquished

Notes
Turn   | Place    | Note
-------+----------+-------------------------------------------
     0 | D:1      | xian the Formicid Artificer began the quest for the Orb.
     0 | D:1      | Reached XP level 1. HP: 15/15 MP: 1/1
   898 | D:1      | Reached XP level 2. HP: 10/21 MP: 2/2
  1388 | D:1      | Reached skill level 1 in Dodging
  1612 | D:1      | Found a faded altar of an unknown god.
  1907 | D:2      | Reached skill level 1 in Maces & Flails
  1907 | D:2      | Reached XP level 3. HP: 24/26 MP: 3/3
  3083 | D:3      | HP: 1/26 [orc/+0 whip (2)]
  3087 | D:3      | Slain by an orc

Illustrated notes

Levels and vault maps discovered:
D:1:      dpeg_arrival_pits, layout_basic, shapermc_ecumenical_altar_hornbeckon,
          serial_park_tiny_1, minmay_cupped
D:2:      layout_basic, uniq_robin
D:3:      layout_loops_ring, biasface_ghost_orc_armoury

Skill      XL: |  1  2 |
---------------+-------+-----
Dodging        | 1 |  1.1
Maces & Flails | 1 |  1.1
Fighting       | |  1.6
Armour         | |  2.9
Stealth        | |  1.5
Evocations     | |  3.8

Action                   || total
-------------------------++-------
Melee: Club              ||   175
       Punch             ||     2
Evoke: Wand              ||     2
  Use: Scroll            ||     6
       Potion            ||     1
Armor: Leather armour    ||    11
       Chain mail        ||   111
Dodge: Dodged            ||    85

Table legend: (Time is in decaauts)
 A = Elapsed time spent in this place.
 B = Non-inter-level travel time spent in this place.
 C = Inter-level travel time spent in this place.
 D = Time resting spent in this place.
 E = Time spent auto-exploring this place.
 F = Levels seen in this place.
 G = Mean time per level.
                   A        B        C        D        E       F      G
               +--------+--------+--------+--------+--------+-----+--------+
         Total |   3141 |   3029 |    112 |    171 |   2115 |   3 | 1047.0 |
       Dungeon |   3141 |   3029 |    112 |    171 |   2115 |   3 | 1047.0 |
               +--------+--------+--------+--------+--------+-----+--------+

Top non-repeatable levels by time:
     D:1: 1792 daAuts
     D:2: 1009 daAuts
     D:3: 338 daAuts
